Map: 逐梦之地-天梯版

Players

llllllllllll

  • Race: Terran Terran
  • Spawn Location: 11:00

IIIIIIIIIIII - Winner!

  • Race: Terran Terran
  • League: Grandmaster
  • Spawn Location: 5:00

VOD

Have the link to the VOD?

Description

Time

  • Played on: July 7, 2018, 10:05 a.m.
  • Length: 7:30
Show
View Real Time Build Order
Export as new Build Order

llllllllllll Terran 

Build Orders: Cyclone Opening, Reaper Expand, Mech 

Get SALT Encoding   

  12  0:00  SCV  
  13  0:13  SCV  
  14  0:17  Supply Depot  
  14  0:25  SCV  
  15  0:39  SCV  
  15  0:41  Barracks  
  16  0:44  Refinery  
  16  0:51  SCV  
  17  1:03  SCV  
  18  1:15  SCV  
  19  1:28  Reaper  
  19  1:29  Orbital Command  
  20  1:40  Command Center  
  20  1:50  Supply Depot  
  20  1:55  SCV  
  20  2:00  Marine  
  22  2:04  Factory  
  22  2:07  SCV  
  23  2:14  Refinery  
  23  2:19  SCV  
  23  2:21  Barracks Reactor  
  24  2:31  SCV  
  25  2:43  SCV  
  26  2:50  Cyclone  
  29  2:52  Orbital Command  
  29  2:55  SCV, Bunker  
  29  2:57  Marine x2  
  32  3:07  SCV  
  32  3:10  Starport  
  33  3:17  Marine x2  
  33  3:19  SCV x2  
  37  3:26  Factory Tech Lab  
  36  3:31  SCV  
  36  3:32  SCV  
  38  3:35  Marine x2  
  38  3:36  Supply Depot  
  40  3:43  SCV  
  40  3:44  SCV  
  42  3:52  Raven  
  42  3:55  SCV  
  45  3:58  SCV  
  45  3:59  Command Center  
  46  4:03  Marine x2  
  46  4:07  SCV  
  46  4:09  Cyclone  
  52  4:16  SCV  
  53  4:17  Supply Depot  
  53  4:19  SCV  
  53  4:25  Refinery  
  53  4:26  Refinery  
  53  4:28  SCV  
  53  4:30  Marine  
  54  4:33  Marine, SCV  
  51  4:41  SCV  
  51  4:45  SCV  
  52  4:53  SCV  
  52  4:55  Marine x2  
  52  4:57  Raven, SCV  
  58  5:00  Supply Depot  
  58  5:04  Factory Tech Lab  
  58  5:05  SCV  
  59  5:07  Supply Depot  
  59  5:09  SCV  
  59  5:13  Marine x2  
  62  5:17  SCV  
  62  5:21  SCV, Orbital Command  
  63  5:24  Siege Tank  
  63  5:25  Armory  
  63  5:26  Armory  
  67  5:29  SCV  
  67  5:30  Marine  
  67  5:31  Marine  
  67  5:34  SCV  
  67  5:49  SCV  
  64  5:56  SCV  
  63  6:00  SCV  
  63  6:03  SCV  
  62  6:08  SCV  
  62  6:10  Hellion x2  
  67  6:15  SCV  
  67  6:17  Factory  
  68  6:20  SCV, Orbital Command, Factory  
  68  6:23  Starport Reactor  
  69  6:27  SCV  
  69  6:32  SCV, Hellion x2  
  75  6:39  SCV  
  76  6:44  SCV  
  76  6:46  SCV  
  78  6:51  SCV  
  78  6:53  Hellion x2  
  83  6:56  SCV  
  83  6:58  SCV  
  85  7:02  Supply Depot  
  85  7:03  SCV, Supply Depot  
  85  7:04  Supply Depot  
  92  7:08  SCV  
Show
View Real Time Build Order
Export as new Build Order

IIIIIIIIIIII Terran - Winner!

Build Orders: Cyclone Opening 

Get SALT Encoding   

  12  0:01  SCV  
  13  0:13  SCV  
  14  0:19  Supply Depot  
  14  0:25  SCV  
  15  0:29  Refinery  
  15  0:40  SCV  
  16  0:46  Barracks  
  16  0:52  SCV  
  17  0:59  Refinery  
  17  1:04  SCV  
  18  1:16  SCV  
  19  1:32  Orbital Command  
  19  1:34  Factory  
  19  1:36  Reaper  
  20  1:43  Supply Depot  
  20  1:58  SCV  
  21  2:08  Reaper  
  21  2:10  SCV  
  23  2:18  Cyclone  
  23  2:22  SCV  
  27  2:34  Command Center  
  27  2:35  SCV  
  28  2:40  Supply Depot  
  28  2:47  SCV  
  29  2:53  Starport  
  29  2:59  Barracks Reactor  
  29  3:00  SCV  
  30  3:12  SCV, Cyclone  
  34  3:24  SCV  
  34  3:29  Medivac  
  36  3:36  SCV, Supply Depot  
  36  3:38  Marine x2  
  39  3:47  Orbital Command  
  39  3:50  Factory Tech Lab  
  39  3:55  Marine  
  39  3:56  Marine  
  39  4:01  SCV  
  42  4:13  SCV  
  42  4:18  SCV  
  42  4:19  Marine x2  
  42  4:20  Siege Tank  
  42  4:21  Medivac  
  50  4:24  Supply Depot  
  50  4:25  SCV  
  50  4:30  SCV  
  52  4:37  Marine x2  
  52  4:38  SCV  
  52  4:50  SCV  
  52  4:52  SCV  
  55  5:01  Siege Tank  
  55  5:02  Starport Reactor  
  55  5:04  SCV, Barracks x2, Supply Depot  
  55  5:05  Refinery, Engineering Bay  
  58  5:08  Barracks Tech Lab  
  58  5:10  SCV  
  58  5:14  Supply Depot  
  59  5:16  SCV  
  60  5:22  SCV  
  60  5:28  SCV  
  62  5:34  SCV  
  63  5:40  Marine, SCV, Siege Tank  
  68  5:46  SCV  
  67  5:51  Marine  
  67  5:52  SCV  
  69  5:57  Medivac, Barracks Reactor  
  69  5:58  Marine  
  69  6:00  Command Center, Supply Depot  
  69  6:03  SCV  
  70  6:05  Marine  
  70  6:08  SCV, Marine  
  70  6:11  Refinery  
  73  6:13  Siege Tank  
  73  6:15  SCV, Marine  
  78  6:20  SCV  
  78  6:23  Marine, Barracks  
  78  6:25  Barracks  
  80  6:27  SCV  
  80  6:30  Marine  
  80  6:32  SCV  
  83  6:33  Marine  
  83  6:38  Marine  
  83  6:39  SCV  
  86  6:41  Marine  
  86  6:44  SCV  
  86  6:45  Marine  
  89  6:48  Marine  
  89  6:50  Siege Tank  
  89  6:51  Marine  
  94  6:57  Supply Depot  
  94  6:59  Supply Depot  
  94  7:00  Starport Reactor  
  94  7:07  Supply Depot  
  94  7:08  Marine, Supply Depot  
  94  7:11  Marine x4  
  94  7:12  SCV  
Tags
 
Add a new tag
Caveats
  • Supply blocks, unpowered buildings, or Contaminate may cause inaccurate times.
  • Supply counts are checked every 10 seconds.